 Dungeon Sprint DCSS version 0.18.1-48-g4cf74bf (webtiles) character file.

1500000 kosy22 the Annihilator (level 13, -1/148 HPs)
             Began as a Black Draconian Conjurer on Aug 19, 2016.
             Was a Follower of Makhleb.
             Slain by a bag of meat
             ... wielding a +9 war axe
              (6 damage)
             ... in the Dungeon (Sprint VIII: "Arena of Blood").
             The game lasted 00:00:50 (15 turns).

kosy22 the Annihilator (Black Draconian Conjurer)     Turns: 15, Time: 00:00:50

Health: -1/148     AC:  8    Str: 16    XL:     13   Next: 71%
Magic:  4/29       EV: 19    Int: 17    God:    Makhleb [*.....]
Gold:   0          SH:  0    Dex: 15    Spells: 1 memorised, 35 levels left

rFire  . . .     SeeInvis .     i - +∞ Axe of Woe
rCold  . . .     Gourm    .     (armour unavailable)
rNeg   . . .     Faith    .     (shield currently unavailable)
rPois  .         Spirit   .     (helmet restricted)
rElec  +         Dismiss  .     (no cloak)
rCorr  .         Reflect  .     (no gloves)
SustAt .         Harm     .     (no boots)
MR     .....     NoTele   +     (no amulet)
Stlth  ..........               (no ring)
                                (no ring)

@: berserking, very slightly contaminated, very quick, not resistant to hostile
enchantments, extremely unstealthy
A: breathe lightning, unfitting armour, electricity resistance, cold-blooded, AC
+8
a: Breathe Lightning, Renounce Religion


You were in the Dungeon.
You worshipped Makhleb.
Makhleb was aware of your devotion.
You were not hungry.

You visited 1 branch

Inventory:

Hand Weapons
 i - the +∞ Axe of Woe (weapon)
   (You found it in the Dungeon)
Potions
 c - a potion of curing
 d - a potion of heal wounds
 e - a potion of haste
 f - 2 potions of magic
Books
 a - a book of Conjurations

   Spells                             Type                      Level
   a - Magic Dart                     Conjuration                  1
   b - Searing Ray                    Conjuration                  2
   c - Dazzling Spray                 Conjuration/Hexes            3
   d - Fulminant Prism                Conjuration/Hexes            4
   e - Iskenderun's Mystic Blast      Conjuration                  4
   f - Iskenderun's Battlesphere      Conjuration/Charms           5
Comestibles
 b - a bread ration


   Skills:
 + Level 4.5 Fighting
 + Level 11.4 Dodging
 + Level 13.2 Stealth
 + Level 12.0 Spellcasting
 O Level 27 Conjurations


You had 35 spell levels left.
You knew the following spells:

 Your Spells              Type           Power        Failure   Level  Hunger
a - Magic Dart            Conj           ####         0%          1    None


Dungeon Overview and Level Annotations

Branches:
Dungeon (1/1)

Altars:
Makhleb


Innate Abilities, Weirdness & Mutations

You can breathe wild blasts of lightning.
Your glossy black scales are hard (AC +8).
Your body does not fit into most forms of armour.
You are resistant to electric shocks.
You are cold-blooded and may be slowed by cold attacks.


Message History

The meat berserker completely misses you.
The meat berserker hits you with a +9 battleaxe!!!
You hear a shout! x2
The meat berserker rages.
A bag of meat comes into view. It is wielding a +9 war axe.
The bag of meat shouts! x2
A bag of meat comes into view. It is wielding a +9 war axe.
The bag of meat shouts!
An orc, an ogre and a vampire knight come into view.
Drink which item? (? for menu, Esc to quit)
A red film seems to cover your vision as you go berserk!
You feel yourself moving faster!
You feel mighty!
The destroyer shouts!
The bag of meat shouts!
The meat berserker hits you with a +9 battleaxe!!!
* * * LOW HITPOINT WARNING * * *
The meat berserker hits you with a +9 battleaxe!
* * * LOW HITPOINT WARNING * * *
You hear a shout!
The bag of meat hits you with a +9 war axe.
You die...

. #.. ..o#
..#......###... ...###.
. .............###......
...O...#........_O.....
....#.......#..o..#
###.......O..#_.<._#
#....#.......#o..).#
.......#)O..o.o.ooo....
.......@.o.oo..###......
......oOO.###o......###.
V..o........#.......#
o.......o...#.......#
...#.....oCo... ..o..
..#.#.#ooo.o... ..
...#.#o.....o... .
.#.#.#o........


You could see a destroyer, a large bag of meat (inner flame), 5 meat berserkers
and 20 bags of meat.

Vanquished Creatures
  An ogre (D)
  An orc (D)
2 creatures vanquished.

Notes
Turn   | Place    | Note
--------------------------------------------------------------
     0 | D        | kosy22 the Draconian Conjurer began the quest for the Orb.
     0 | D        | Reached XP level 1. HP: 14/14 MP: 3/3
     2 | D        | Noticed a bag of meat
     2 | D        | Noticed a bag of meat
     2 | D        | Noticed a bag of meat
     3 | D        | Noticed a bag of meat
     4 | D        | Noticed a bag of meat
     4 | D        | Noticed a bag of meat
     5 | D        | Noticed a bag of meat
     6 | D        | Noticed a meat berserker
     7 | D        | Became a worshipper of Makhleb the Destroyer
     8 | D        | Noticed a bag of meat
     8 | D        | Noticed a meat berserker
     8 | D        | Noticed a bag of meat
     8 | D        | Killed a bag of meat
     8 | D        | Reached skill level 22 in Conjurations
     8 | D        | Reached XP level 2. HP: 26/26 MP: 3/11
     8 | D        | Reached XP level 3. HP: 31/31 MP: 3/13
     8 | D        | Reached XP level 4. HP: 38/38 MP: 3/14
     8 | D        | Reached XP level 5. HP: 45/45 MP: 3/16
     8 | D        | Reached XP level 6. HP: 51/51 MP: 3/17
     8 | D        | Your scales start taking on a glossy black colour.
     8 | D        | Reached XP level 7. HP: 57/57 MP: 3/19
     8 | D        | Gained mutation: You are resistant to electric shocks. [Black Draconian growth]
     8 | D        | Reached XP level 8. HP: 63/63 MP: 3/20
     8 | D        | Reached XP level 9. HP: 69/69 MP: 3/21
     8 | D        | Reached XP level 10. HP: 77/77 MP: 3/22
     8 | D        | Reached XP level 11. HP: 82/82 MP: 3/23
     9 | D        | Noticed a meat berserker
    10 | D        | Noticed a bag of meat
    10 | D        | Noticed a bag of meat
    10 | D        | Noticed a bag of meat
    10 | D        | Noticed a bag of meat
    10 | D        | Noticed a bag of meat
    11 | D        | Noticed a meat berserker
    11 | D        | Noticed a meat berserker
    12 | D        | Noticed a bag of meat
    13 | D        | Noticed a bag of meat
    13 | D        | Noticed a large bag of meat
    13 | D        | Noticed a bag of meat
    14 | D        | Noticed a bag of meat
    14 | D        | Noticed a bag of meat
    14 | D        | Killed a meat berserker
    14 | D        | Reached * piety under Makhleb
    14 | D        | Reached skill level 27 in Conjurations
    14 | D        | Reached XP level 12. HP: 79/92 MP: 4/28
    14 | D        | Reached XP level 13. HP: 85/99 MP: 4/29
    14 | D        | Noticed a bag of meat
    14 | D        | Noticed a bag of meat
    15 | D        | Noticed a meat berserker
    15 | D        | Noticed a destroyer
    15 | D        | Noticed a bag of meat
    15 | D        | HP: 5/148 [meat berserker/+9 battleaxe (13)]
    15 | D        | Slain by a bag of meat

Skill      XL: |  1  2  3  4  5  6  7  8  9 10 11 |
---------------+----------------------------------+-----
Fighting       | 3 4 |  4.5
Dodging        | 8 11 | 11.4
Stealth        | 9 13 | 13.2
Spellcasting   | 8 12 | 12.0
Conjurations   | 22 27 | 27.0

Action                   |  1- 3 |  4- 6 |  7- 9 | 10-12 | 13-15 || total
-------------------------+-------+-------+-------+-------+-------++-------
Melee: Executioner's axe |     1 |       |       |     1 |       ||     2
  Use: Scroll            |       |       |       |     1 |       ||     1
       Potion            |       |       |       |       |     1 ||     1
 Stab: Distracted        |     1 |       |       |       |       ||     1
Dodge: Dodged            |       |       |       |     1 |     1 ||     2
